 Dungeon Crawl Stone Soup version 0.27-a0-660-g90476cec82 (webtiles) character file.

Game seed: 8178956250139854450

193 Maimakterion the Skirmisher (level 5, -16/41 HPs)
             Began as a Demonspawn Fighter on Mar 16, 2021.
             Was an Initiate of Gozag.
             Demolished by an ogre
             ... wielding a +0 giant spiked club
              (22 damage)
             ... on level 4 of the Dungeon.
             The game lasted 00:02:48 (4378 turns).

Maimakterion the Skirmisher (Demonspawn Fighter)    Turns: 4378, Time: 00:02:49

Health: -16/41     AC:  8    Str: 17    XL:     5   Next: 44%
Magic:  5/5        EV:  7    Int: 10    God:    Gozag
Gold:   106        SH:  9    Dex: 12    Spells: 4/4 levels left

rFire    . . .     SeeInvis .   a - +0 flail
rCold    . . .     Faith    .   c - +0 kite shield
rNeg     . . .     Spirit   .   b - +0 scale mail
rPois    .         Reflect  .   (no helmet)
rElec    .         Harm     .   m - +0 cloak
rCorr    .         Rampage  .   (no gloves)
Will     .....                  (no boots)
Stlth    ..........             (no amulet)
HPRegen  0.13/turn              (no ring)
MPRegen  0.09/turn              (no ring)

@: no status effects
A: demonic guardian 2
a: Renounce Religion, Potion Petition, Call Merchant, Bribe Branch


You were on level 4 of the Dungeon.
You worshipped Gozag.
Gozag was aware of your devotion.
You visited 1 branch of the dungeon, and saw 4 of its levels.

You collected 106 gold pieces.

Inventory:

Hand Weapons
 a - a +0 flail (weapon)
Missiles
 i - 10 poisoned darts (quivered)
Armour
 b - a +0 scale mail (worn)
 c - a +0 kite shield (worn)
 m - a +0 cloak (worn)
Scrolls
 e - a scroll of teleportation {unknown}
 f - a scroll of fear {unknown}
 g - a scroll of enchant armour {unknown}
 h - 2 scrolls of enchant weapon {unknown}
 k - 4 scrolls of identify {unknown}
 l - a scroll of amnesia {unknown}
 p - 3 scrolls of immolation {unknown}
Potions
 d - 2 potions of might
 j - a potion of invisibility
 n - a potion of heal wounds {unknown}
 o - a potion of curing {unknown}


   Skills:
 + Level 3.6 Fighting
 + Level 3.2 Maces & Flails
 + Level 0.6 Throwing
 + Level 3.5 Armour
 + Level 0.7 Dodging
 + Level 3.5 Shields


You had 4 spell levels left.
You didn't know any spells.
Your spell library contained the following spells:

 Spells                   Type           Power      Damage    Failure   Level
 Poisonous Vapours        Pois/Air       0%         N/A       100%        2
 Conjure Flame            Conj/Fire      0%         6-21      100%        3
 Mephitic Cloud           Conj/Pois/Air  0%         N/A       100%        3
 Freezing Cloud           Conj/Ice/Air   0%         6-21      100%        6


Dungeon Overview and Level Annotations

Branches:
Dungeon (4/15)
 Temple: D:4-7

Altars:
Gozag
Qazlal


Innate Abilities, Weirdness & Mutations

A demonic guardian rushes to your aid.


Message History

You take 14 damage, and have 27/41 hp.
MASSIVE DAMAGE!!
You are too injured to fight recklessly!
You are too injured to fight recklessly!
You are too injured to fight recklessly!
You are too injured to fight recklessly!
You are too injured to fight recklessly!
You are too injured to fight recklessly!
You are too injured to fight recklessly!
You are too injured to fight recklessly!
You are too injured to fight recklessly!
You are too injured to fight recklessly!
You are too injured to fight recklessly!
You are too injured to fight recklessly!
You closely miss the ogre.
The ogre is moderately wounded.
The ogre barely misses you.
You thump the ogre!
The ogre is heavily wounded.
The ogre hits you with a +0 giant spiked club.
The ogre barely misses you.
You take 6 damage, and have 21/41 hp.
You closely miss the ogre.
The ogre is heavily wounded.
You block the ogre's attack.
You barely miss the ogre.
The ogre is heavily wounded.
You block the ogre's attack.
You hit the ogre.
The ogre is heavily wounded.
You block the ogre's attack.
The ogre hits you with a +0 giant spiked club!
* * * LOW HITPOINT WARNING * * *
A demonic guardian appears!
You take 16 damage, and have 6/41 hp.
MASSIVE DAMAGE!!
You hit the ogre.
The ogre is severely wounded.
The ogre hits you with a +0 giant spiked club!!
Ouch! That really hurt!
You die...
Your body crumbles into a pile of gold.

.....#.####..
............. $
...........#+ ##
$ ............
... #........
.... ..... .....
#####4####......
#......@O.......
#.###.###.......
#.# #.# .......
#####.# #.#
.......
##.....###.#
.#+####
#.........<# .#
##.#######.# .#
# #.# .# #.#


You could see an ogre (ally target) and a friendly rust devil (summoned).

Vanquished Creatures
  A gnoll (D:1)
  6 adders
  An ooze (D:1)
  A worm (D:2)
  A dart slug (D:1)
  A leopard gecko (D:3)
  An orc (D:2)
  4 giant cockroaches
  8 goblins
  8 hobgoblins
  6 jackals
  A quokka (D:3)
  2 ball pythons
  8 bats
  5 frilled lizards
  3 kobolds (D:1)
  10 rats
67 creatures vanquished.

Vanquished Creatures (collateral kills)
  Natasha (twice) (D:2 D:1)
  2 gnolls (D:2)
  A dart slug (D:2)
  3 orcs (D:2)
  A goblin (D:2)
  A jackal (D:2)
10 creatures vanquished.

Grand Total: 77 creatures vanquished

Notes
Turn   | Place    | Note
-------+----------+-------------------------------------------
     0 | D:1      | Maimakterion the Demonspawn Fighter began the quest for the
                  | Orb.
     0 | D:1      | Reached XP level 1. HP: 18/18 MP: 1/1
   476 | D:1      | Gained mutation: A weak demonic guardian rushes to your
                  | aid. [demonic ancestry]
   476 | D:1      | Reached XP level 2. HP: 19/24 MP: 2/2
   934 | D:1      | Gained mutation: A demonic guardian rushes to your aid.
                  | [demonic ancestry]
   934 | D:1      | Reached XP level 3. HP: 19/29 MP: 3/3
  1683 | D:2      | Noticed Natasha
  1691 | D:2      | Killed Natasha
  1827 | D:2      | Reached XP level 4. HP: 32/35 MP: 4/4
  2629 | D:2      | Noticed Natasha
  2641 | D:2      | Reached XP level 5. HP: 8/41 MP: 5/5
  2900 | D:1      | Killed Natasha
  3932 | D:3      | Noticed a water elemental
  4027 | D:3      | Found a faded altar of an unknown god.
  4134 | D:3      | Found a stormy altar of Qazlal.
  4136 | D:3      | Noticed a fire elemental
  4137 | D:3      | Noticed an air elemental
  4188 | D:3      | Became a worshipper of Gozag Ym Sagoz the Greedy
  4366 | D:4      | Noticed an ogre
  4378 | D:4      | Demolished by an ogre

Illustrated notes

Levels and vault maps discovered:
D:1:      dpeg_arrival_shelter, layout_loops_ring, roderic_cross_of_infinity,
          minmay_rat_gold_closets
D:2:      layout_loops_ring, uniq_natasha
D:3:      layout_basic, serial_rivers, chequers_serial_rivers_room_b,
          chequers_serial_rivers_micro_d, chequers_serial_rivers_marsh,
          chequers_serial_rivers_large_a,
          chequers_ecumenical_altar_simple_redux, serial_park_tiny_pond,
          nicolae_qazlal_style_of_elements
D:4:      gammafunk_wand_slinger, layout_basic, grunt_temple_overflow_holy_war,
          minmay_temple_entry_enclosed_plants, uniq_duvessa

Skill      XL: |  1  2  3  4 |
---------------+-------------+-----
Shields        | 3 |  3.5
Maces & Flails | 2 3 |  3.2
Armour         | 3 |  3.5
Fighting       | |  3.6
Throwing       | |  0.6
Dodging        | |  0.7

Action                   |  1- 3 |  4- 6 || total
-------------------------+-------+-------++-------
Melee: Flail             |   101 |   144 ||   245
Throw: Dart              |    25 |       ||    25
Armor: Scale mail        |    47 |    86 ||   133
Dodge: Dodged            |    40 |    59 ||    99
Block: Kite shield       |    55 |    96 ||   151

Table legend: (Time is in decaauts)
 A = Elapsed time spent in this place.
 B = Non-inter-level travel time spent in this place.
 C = Inter-level travel time spent in this place.
 D = Time resting spent in this place.
 E = Time spent auto-exploring this place.
 F = Levels seen in this place.
 G = Mean time per level.
                   A        B        C        D        E       F      G
               +--------+--------+--------+--------+--------+-----+--------+
         Total |   4532 |   4423 |    109 |   1106 |   2605 |   4 | 1133.0 |
       Dungeon |   4532 |   4423 |    109 |   1106 |   2605 |   4 | 1133.0 |
               +--------+--------+--------+--------+--------+-----+--------+

Top non-repeatable levels by time:
     D:1: 2214 daAuts
     D:2: 1213 daAuts
     D:3: 1076 daAuts
     D:4: 28 daAuts
